[Event "Early-Titled-Tuesday-Blitz-April-02-2024"]
[Site "Chess.com"]
[Date "2024.04.02"]
[Round "2"]
[White "LLariMarc"]
[Black "Sunny_Star"]
[Result "1-0"]
[WhiteElo "2428"]
[BlackElo "2018"]
[TimeControl "180+1"]
[EndTime "8:16:46 PDT"]
[Termination "LLariMarc won on time"]

1. d4 Nf6 2. Nf3 e6 3. Bg5 d5 4. Nbd2 Bd6 5. e3 h6 6. Bh4 c5 7. c3 c4 8. Be2 Nbd7 9. O-O g5 10. Bg3 Bxg3 11. hxg3 b5 12. Qc2 Rb8 13. e4 Nf8 14.
Ne5 Qc7 15. Rae1 Bb7 16. Bf3 N8d7 17. exd5 Nxd5 18. Bg4 O-O 19. Nxf7 Rxf7 20. Bxe6 Nf8 21. Bxf7+ Qxf7 22. Ne4 Rd8 23. f3 b4 24. Qd2 Ne6 25. Rf2 a5 26. Rfe2 Ng7 27. Nc5 Bc6 28. Ne6 Nxe6 29. Rxe6 Rc8 30. Rxh6 bxc3 31. Qxg5+ 1-0

[Event "Early-Titled-Tuesday-Blitz-April-02-2024"]
[Site "Chess.com"]
[Date "2024.04.02"]
[Round "2"]
[White "only_strong_moves"]
[Black "KorolDimitriy75"]
[Result "1-0"]
[WhiteElo "2711"]
[BlackElo "2387"]
[TimeControl "180+1"]
[EndTime "8:16:49 PDT"]
[Termination "only_strong_moves won on time"]

1. Nc3 c5 2. Nf3 g6 3. h4 Nf6 4.
d4 cxd4 5. Nxd4 Nc6 6. h5 Nxh5 7. g4 Nf6 8. g5 Nh5 9. Bg2 Bg7 10. Be3 Qa5 11. Qd2 O-O 12. Bf3 Ne5 13. Bxh5 Nc4 14. Qc1 gxh5 15. Rb1 Nxe3 16. Qxe3 e5 17. Nf5 d5 18. Ne7+ Kh8 19. Nxd5 Be6 20. Nf6 Bg4 21. f3 Bf5 22. Nxh5 Bxc2 23. Rc1 Bg6 24. Nxg7 Kxg7 25.
Kf2 Rfe8 26. Ne4 Qxa2 27. Rc2 Rac8 28. Rxc8 Rxc8 29. Nd6 1-0

[Event "Early-Titled-Tuesday-Blitz-April-02-2024"]
[Site "Chess.com"]
[Date "2024.04.02"]
[Round "2"]
[White "MarijaKuznecova"]
[Black "Aural1011"]
[Result "1-0"]
[WhiteElo "2409"]
[BlackElo "1784"]
[TimeControl "180+1"]
[EndTime "8:16:50 PDT"]
[Termination "MarijaKuznecova won by resignation"]

1. e4 c5 2. Nf3 d6 3. d4 cxd4 4.
Nxd4 Nf6 5. Nc3 a6 6. Be3 e6 7. g4 h6 8. f3 Nbd7 9. Qd2 b5 10. O-O-O Bb7 11. h4 b4 12. Nce2 d5 13. exd5 Nxd5 14. Bf2 Be7 15. Bg2 Rc8 16. Kb1 Ne5 17. Ng3 Nc4 18.
Qe1 Qc7 19. Rc1 Nc3+ 20. bxc3 Na3+ 21. Ka1 bxc3 22. Nge2 Bf6 23. g5 hxg5 24. hxg5 Rxh1 25. Qxh1 Bxg5 26. f4 Bf6 27. Bxb7 Rb8 28. Qc6+ Qxc6 29. Bxc6+ Ke7 30. Nxc3 Nb5 31. Ncxb5 axb5 32. c3 Rc8 33.
Bxb5 Rc5 34. a4 1-0

[Event "Early-Titled-Tuesday-Blitz-April-02-2024"]
[Site "Chess.com"]
[Date "2024.04.02"]
[Round "2"]
[White "Squirlolz"]
[Black "promen1999"]
[Result "0-1"]
[WhiteElo "2603"]
[BlackElo "2887"]
[TimeControl "180+1"]
[EndTime "8:16:51 PDT"]
[Termination "promen1999 won on time"]

1. b3 Nf6 2. Bb2 g6 3. Bxf6 exf6 4. c4 d5 5. cxd5 Qxd5 6. Nc3 Qa5 7. g3 c6 8. Bg2 Bg7 9. Nf3 f5 10. Qc2 O-O 11. O-O Na6 12. Rac1 Nb4 13. Qb1 h6 14. Rfd1 Be6 15. d4 Rad8 16. e3 Rfe8 17. Qb2 Nd5 18. Nxd5 Bxd5 19. Ne1 h5 20. Bxd5 Qxd5 21. Nd3 h4 22.
Nf4 Qd6 23. Qe2 g5 24. Nd3 Qxd4 25. Nc5 Qb4 26. Rc4 Qb6 27. Rxd8 Rxd8 28. gxh4 Rd5 29. b4 a5 30. hxg5 axb4 31. Nd3 Qd8 32. Nf4 Rd1+ 33. Kg2 Qxg5+ 34. Kh3 Rd2 35. Qh5 Qxh5+ 36. Nxh5 Bc3 37.
a3 b5 38. Rxc6 bxa3 39. Rxc3 a2 40. Ra3 b4 41. Ra8+ Kh7 42. Kg2 b3 43. Ng3 Rd5 44. e4 Rb5 45. Nxf5 b2 46. Rxa2 b1=Q 0-1

[Event "Early-Titled-Tuesday-Blitz-April-02-2024"]
[Site "Chess.com"]
[Date "2024.04.02"]
[Round "2"]
[White "DanielSaiz01"]
[Black "ViratKohl_i"]
[Result "0-1"]
[WhiteElo "2264"]
[BlackElo "2517"]
[TimeControl "180+1"]
[EndTime "8:16:51 PDT"]
[Termination "ViratKohl_i won on time"]

1. e4 c5 2. Nf3 e6 3. d4 cxd4 4.
Nxd4 Nc6 5. Nc3 Qc7 6. Ndb5 Qb8 7.
Be3 a6 8. Nd4 Nf6 9. Bd3 b5 10.
Nxc6 dxc6 11. O-O e5 12. a4 b4 13. Ne2 Be7 14. f3 O-O 15. a5 Be6 16. b3 c5 17. Qe1 c4 18. bxc4 Qc8 19. Qg3 Bc5 20. Bxc5 Qxc5+ 21. Kh1 Rfd8 22. f4 Nh5 23. Qg5 Nf6 24.
h3 h6 25. Qxe5 Qxe5 26. fxe5 Nd7 27. Nf4 Nxe5 28. Nd5 Rab8 29. Rab1 Nc6 30. Nb6 Nxa5 31. c5 b3 0-1

[Event "Early-Titled-Tuesday-Blitz-April-02-2024"]
[Site "Chess.com"]
[Date "2024.04.02"]
[Round "2"]
[White "Vahe_Danielyan"]
[Black "Binary010"]
[Result "1-0"]
[WhiteElo "2596"]
[BlackElo "2796"]
[TimeControl "180+1"]
[EndTime "8:16:52 PDT"]
[Termination "Vahe_Danielyan won on time"]

1. e4 c5 2. Nc3 Nc6 3. Bb5 Nd4 4. Bc4 e6 5. Nge2 Nf6 6. O-O a6 7. a4 Be7 8. d3 Nxe2+ 9. Qxe2 d5 10. exd5 exd5 11. Ba2 Be6 12. Qf3 h6 13. Bf4 O-O 14.
Be5 Nd7 15. Bg3 d4 16. Nd5 Nf6 17. Nxe7+ Qxe7 18. Rfe1 Qd7 19. Bxe6 fxe6 20. Qe2 Rae8 21. Qe5 Nd5 22. Qd6 Qc8 23. Re5 Rf6 24. Re2 Rd8 25.
Qe5 Re8 26. Rae1 Qd7 27. a5 Kf7 28. Qh5+ Kg8 29. Re5 Ref8 30. Qe2 Kf7 31. h3 Re8 32. Qh5+ Kg8 33. Rxd5 1-0

[Event "Early-Titled-Tuesday-Blitz-April-02-2024"]
[Site "Chess.com"]
[Date "2024.04.02"]
[Round "2"]
[White "rionelG"]
[Black "viktorgen2021"]
[Result "0-1"]
[WhiteElo "2196"]
[BlackElo "2491"]
[TimeControl "180+1"]
[EndTime "8:16:52 PDT"]
[Termination "viktorgen2021 won by resignation"]

1. e4 g6 2. d4 Bg7 3. c3 d6 4. h3 Nc6 5. Nf3 e5 6. Bg5 Nf6 7. Bd3 O-O 8. O-O h6 9. Be3 Nh5 10. Re1 Nf4 11. Bf1 Qf6 12. dxe5 dxe5 13. Nbd2 Be6 14.
Nb3 Rad8 15. Qc2 Nxh3+ 16. gxh3 Qxf3 17. Bg2 Qh5 18. Kh2 b6 19. Rad1 Bg4 20. Rxd8 Rxd8 21. Nd2 Kh7 22. Nf1 Be6 23. Qa4 Rd6 24. Ng3 Qh4 25.
Rd1 Qe7 26. Rxd6 Qxd6 27. Qa6 Bd7 28. Bf1 f5 29. exf5 gxf5 30. Nh5 f4 31. Nxg7 fxe3 32.
Nh5 e4+ 33. Kg1 exf2+ 34. Kxf2 Qc5+ 35. Ke1 Qxh5 36. Qc4 Qh4+ 37. Kd1 Qe7 38. Be2 Ne5 39. Qxe4+ Ng6 40. Qd3 Qd6 41. Kc2 Qxd3+ 42. Bxd3 Kg7 43.
h4 Nxh4 0-1

[Event "Early-Titled-Tuesday-Blitz-April-02-2024"]
[Site "Chess.com"]
[Date "2024.04.02"]
[Round "2"]
[White "Chernov_Alexander_A"]
[Black "AA95"]
[Result "0-1"]
[WhiteElo "2205"]
[BlackElo "2498"]
[TimeControl "180+1"]
[EndTime "8:16:54 PDT"]
[Termination "AA95 won by resignation"]

1. d4 Nf6 2. Nf3 g6 3. Nc3 d5 4.
Bg5 Bg7 5. e3 O-O 6. Bd3 h6 7.
Bh4 Nbd7 8. O-O c5 9. Re1 b6 10. e4 dxe4 11. Nxe4 Bb7 12. dxc5 Nxe4 13. Bxe4 Bxe4 14.
Rxe4 Nxc5 15. Qxd8 Rfxd8 16. Rxe7 g5 17. Bg3 Bxb2 18.
Rb1 Bf6 19. Rc7 Rdc8 20. Rxc8+ Rxc8 21. Be5 Bxe5 22. Nxe5 Na4 23. h4 Rxc2 24. hxg5 hxg5 25. Rd1 Rc7 26. g4 Nc3 27. Rd2 f6 28. Nf3 Kf7 29.
Nd4 Rc4 30. Kg2 Ra4 31. Rd3 Nxa2 32. f3 Nb4 33. Rc3 Nd5 0-1

[Event "Early-Titled-Tuesday-Blitz-April-02-2024"]
[Site "Chess.com"]
[Date "2024.04.02"]
[Round "2"]
[White "JiaHaoxiang"]
[Black "Suduvasachmatai"]
[Result "1-0"]
[WhiteElo "2567"]
[BlackElo "2258"]
[TimeControl "180+1"]
[EndTime "8:16:55 PDT"]
[Termination "JiaHaoxiang won by resignation"]

1. d4 Nf6 2. Nf3 e6 3. Bf4 c5 4. e3 Nc6 5. c3 d5 6. Nbd2 cxd4 7. exd4 Bd6 8. Bg3 O-O 9. Bd3 h6 10. Ne5 Bxe5 11. dxe5 Nd7 12. Qe2 Nc5 13. Bb1 d4 14. O-O Na4 15. Nc4 b5 16. Qe4 g6 17. Qxc6 Bd7 18.
Qe4 dxc3 19. bxc3 Nxc3 20. Qe3 Nd5 21. Qxh6 bxc4 22. Bh4 Qxh4 23. Qxh4 c3 24. Be4 Bb5 25. Rfc1 Rac8 26. Qg3 c2 27. Rxc2 Nc3 28. Bxg6 Ne2+ 29. Rxe2 Bxe2 30. Be4+ 1-0

[Event "Early-Titled-Tuesday-Blitz-April-02-2024"]
[Site "Chess.com"]
[Date "2024.04.02"]
[Round "2"]
[White "Caracal3000"]
[Black "ChessFighter_2011"]
[Result "0-1"]
[WhiteElo "2529"]
[BlackElo "2919"]
[TimeControl "180+1"]
[EndTime "8:16:56 PDT"]
[Termination "ChessFighter_2011 won by checkmate"]

1. e4 c5 2. Nf3 g6 3. d4 cxd4 4.
Nxd4 Nc6 5. Nc3 Bg7 6. Be3 Nf6 7. Bc4 O-O 8. Bb3 d6 9. f3 Bd7 10. Qd2 Nxd4 11. Bxd4 b5 12. O-O-O a5 13. Nd5 a4 14.
Nxf6+ Bxf6 15. Bd5 Bxd4 16. Qxd4 Rc8 17. e5 Bf5 18. c3 a3 19. bxa3 e6 20. Be4 Bxe4 21. fxe4 Qg5+ 22. Kb1 dxe5 23. Qd2 Qe7 24. Qd6 Qa7 25.
Kb2 Qe3 26. Qxe5 Qe2+ 27. Kb3 Ra8 28. Rhe1 Rxa3+ 29. Kxa3 Ra8+ 30. Kb3 Qxa2+ 31. Kb4 Qc4# 0-1

[Event "Early-Titled-Tuesday-Blitz-April-02-2024"]
[Site "Chess.com"]
[Date "2024.04.02"]
[Round "2"]
[White "Gabrielian_Artur"]
[Black "tk22h"]
[Result "1/2-1/2"]
[WhiteElo "2798"]
[BlackElo "2417"]
[TimeControl "180+1"]
[EndTime "8:16:56 PDT"]
[Termination "Game drawn by repetition"]

1. e4 e5 2. Nc3 Nf6 3. g3 d5 4. exd5 Nxd5 5. Bg2 Nxc3 6. bxc3 Bd6 7. Nf3 O-O 8. O-O Nc6 9. Re1 Bf5 10. d3 Qd7 11. Rb1 Rab8 12. Ng5 h6 13. Ne4 Be7 14. Be3 b6 15. Qf3 Bg4 16. Nf6+ Bxf6 17. Qxc6 Qxc6 18. Bxc6 Rbd8 19. a4 a5 20. c4 Bd7 21. Bxd7 Rxd7 22.
c5 Bd8 23. cxb6 cxb6 24. Bxb6 Bxb6 25. Rxb6 Rc8 26. Re2 Rd5 27. Kg2 f6 28. Ra6 Rc3 29.
f4 Ra3 30. fxe5 fxe5 31. Ra7 Rxa4 32. Rf2 e4 33. Rff7 Rg5 34. h4 Rg6 35. dxe4 Rxe4 36. Rf3 Rxh4 37. Rxa5 Rc4 38. Ra2 Rgc6 39. Rf2 Rc3 40. Rb2 Kh7 41. Ra2 Kg6 42. Rb2 Kh7 43. Ra2 Kg6 44. Re2 Kf6 45. Rb2 h5 46. Rf2+ Kg6 47.
Rd2 R6c5 48. Rb6+ Kh7 49. Rb2 Kg6 50. Re2 Kg5 51. Rf2 Kg6 52. Kh2 Rg5 53. Rg2 Rg4 54. Rb3 Rgc4 55. Rxc3 Rxc3 56. Rd2 Kg5 57. Kh3 g6 58.
Rd5+ Kh6 59. Rd2 Kg5 60. Rd5+ Kh6 61. Rd2 Kg5 1/2-1/2

[Event "Early-Titled-Tuesday-Blitz-April-02-2024"]
[Site "Chess.com"]
[Date "2024.04.02"]
[Round "2"]
[White "AlexeiShirov"]
[Black "Orest_Vovk"]
[Result "1-0"]
[WhiteElo "2811"]
[BlackElo "2579"]
[TimeControl "180+1"]
[EndTime "8:16:57 PDT"]
[Termination "AlexeiShirov won on time"]

1. e4 g5 2. d3 h6 3. h4 g4 4. Qxg4 d5 5. Qf3 Nc6 6. c3 Nf6 7. Be2 Bg4 8. Qe3 dxe4 9. dxe4 Bxe2 10. Nxe2 Ne5 11. O-O Rg8 12. Qh3 Qd3 13. Qxd3 Nxd3 14. f3 Nxc1 15. Nxc1 O-O-O 16. Na3 e6 17. Nb3 Bxa3 18.
bxa3 Rd3 19. Rac1 Nh5 20. Kf2 Rgd8 21. g3 a5 22. a4 b5 23. axb5 a4 24. Nd4 Rd2+ 25.
Ke3 Rxa2 26. Ra1 Nxg3 27. Rxa2 Nxf1+ 28. Kf2 e5 29. Ne2 Nd2 30. Rxa4 Kb7 31. Ra6 Rd3 32. Rf6 Nb1 33. Rxh6 1-0

[Event "Early-Titled-Tuesday-Blitz-April-02-2024"]
[Site "Chess.com"]
[Date "2024.04.02"]
[Round "2"]
[White "Mazarini41"]
[Black "zano2023"]
[Result "0-1"]
[WhiteElo "2485"]
[BlackElo "2229"]
[TimeControl "180+1"]
[EndTime "8:16:57 PDT"]
[Termination "zano2023 won by resignation"]

1. e4 d6 2. d4 Nf6 3. Nc3 c6 4. Nf3 Bg4 5. h3 Bh5 6. Bd3 e6 7. g4 Bg6 8. Bg5 Be7 9. Qd2 d5 10. Bxf6 Bxf6 11. e5 Be7 12. O-O-O a6 13. h4 c5 14. h5 Bxd3 15. Qxd3 Nc6 16. dxc5 Bxc5 17. g5 Nxe5 18. Nxe5 Qxg5+ 19. Kb1 Qxe5 20. Rde1 Qd6 21. Nxd5 O-O-O 22. Nc3 Qxd3 23. cxd3 Rxd3 24. Re5 Bd6 25. Rg5 Rg8 26. Rc1 Kb8 27. Ne4 Bf4 28. Nc5 Bxg5 29. Nxd3 Bxc1 30. Kxc1 h6 31. Ne5 Rf8 32. Nd7+ Kc7 33.
Nxf8 Kd8 34. Nh7 Ke7 35. f4 f6 36. Kd2 Kf7 37. Ke3 Kg8 38. Kd2 Kxh7 39. Ke3 Kg8 40. Ke4 Kf7 41. Kd4 Ke7 42. Kc4 b6 43. Kb4 Kd6 44.
Kc4 e5 45. fxe5+ Kxe5 46. Kd3 f5 0-1

[Event "Early-Titled-Tuesday-Blitz-April-02-2024"]
[Site "Chess.com"]
[Date "2024.04.02"]
[Round "2"]
[White "MetiForce"]
[Black "ReadySkate"]
[Result "1-0"]
[WhiteElo "2872"]
[BlackElo "2598"]
[TimeControl "180+1"]
[EndTime "8:17:02 PDT"]
[Termination "MetiForce won by resignation"]

1. Nf3 Nf6 2. g3 g6 3. Bg2 Bg7 4. O-O O-O 5. c4 c6 6. d4 d5 7.
Ne5 Nbd7 8. cxd5 Nxe5 9. dxe5 Nxd5 10. f4 Qb6+ 11. Kh1 Ne3 12. Bxe3 Qxe3 13. Nc3 Bg4 14. Qb3 Rab8 15. Qa3 Rfe8 16. Rad1 h5 17. Rd3 Qb6 18.
h3 Be6 19. Rfd1 a6 20. Ne4 Bf8 21. b3 Red8 22. Qc5 Qc7 23. Ng5 Rxd3 24. Rxd3 Bf5 25. e4 Bc8 26. Qd4 h4 27. gxh4 Qa5 28. Qd8 Qe1+ 29. Kh2 Qf2 30. Rg3 Bxh3 31. Qxb8 Bxg2 32.
Rxg2 Qxh4+ 33. Nh3 Kg7 34. Qa7 e6 35. Qf2 Qh5 36.
Qg3 Be7 37. Qg4 Qh6 38. f5 exf5 39. exf5 Qe3 40. f6+ Kg8 41. fxe7 Qxe5+ 42. Qf4 Qxe7 43. Ng5 f5 44. Rd2 Kg7 45. Qd4+ Kh6 46. Qh4+ Kg7 47. Qh7+ 1-0

[Event "Early-Titled-Tuesday-Blitz-April-02-2024"]
[Site "Chess.com"]
[Date "2024.04.02"]
[Round "2"]
[White "banane_verte"]
[Black "enriquebutti"]
[Result "0-1"]
[WhiteElo "2469"]
[BlackElo "2201"]
[TimeControl "180+1"]
[EndTime "8:17:02 PDT"]
[Termination "enriquebutti won by resignation"]

1. e4 c5 2. Nf3 d6 3. d4 cxd4 4. Nxd4 Nf6 5. Nc3 a6 6. Be3 Nc6 7. Nxc6 bxc6 8. e5 dxe5 9. Qxd8+ Kxd8 10. O-O-O+ Ke8 11. Bc4 e6 12. Bg5 Nd5 13. Rhe1 f6 14. Bd2 Be7 15. Na4 Kf7 16. Bf1 Rb8 17. c4 Nb6 18. Nxb6 Rxb6 19. Ba5 Rb7 20. Re3 Rd7 21. Rxd7 Bxd7 22. Rb3 Bd6 23. Rb7 Ke7 24. b4 Rb8 25. Ra7 Bxb4 26. Bxb4+ Rxb4 27. Rxa6 c5 28. a3 Ra4 29. Rxa4 Bxa4 30. Bd3 f5 31. Bc2 Bc6 32. g3 Kd6 33. a4 Kc7 34. Kd2 Kb6 35. Ke3 g5 36. f4 exf4+ 37. gxf4 g4 38. Kf2 Ka5 39. Kg3 Bxa4 40. Bd3 Kb4 41. Kh4 Bb3 0-1

[Event "Early-Titled-Tuesday-Blitz-April-02-2024"]
[Site "Chess.com"]
[Date "2024.04.02"]
[Round "2"]
[White "SlavenPastar"]
[Black "bubeliang"]
[Result "0-1"]
[WhiteElo "2571"]
[BlackElo "2777"]
[TimeControl "180+1"]
[EndTime "8:17:05 PDT"]
[Termination "bubeliang won by checkmate"]

1. Nf3 c5 2. g3 Nc6 3. Bg2 Nf6 4. b3 g6 5. Bb2 Bg7 6. c4 O-O 7. O-O e6 8. d4 cxd4 9. Nxd4 d5 10.
cxd5 Nxd5 11. Nxc6 bxc6 12. Bxg7 Kxg7 13. Qc2 Qf6 14. Nd2 Ba6 15. Ne4 Qe5 16. Rfe1 Nb4 17. Qc1 Rad8 18. a3 Nd5 19. Qxc6 Bxe2 20. Rac1 Rc8 21. Qd6 Qb2 22. Nc5 Rfd8 23. Nd7 Rxc1 24. Rxc1 Qxc1+ 25. Bf1 Qxf1# 0-1

[Event "Early-Titled-Tuesday-Blitz-April-02-2024"]
[Site "Chess.com"]
[Date "2024.04.02"]
[Round "2"]
[White "Cheer_Down"]
[Black "Dewarfd"]
[Result "1-0"]
[WhiteElo "2438"]
[BlackElo "2123"]
[TimeControl "180+1"]
[EndTime "8:17:05 PDT"]
[Termination "Cheer_Down won on time"]

1. e4 c5 2. Nf3 g6 3. c3 Bg7 4. d4 cxd4 5. cxd4 d5 6. e5 Nc6 7. Bb5 Nh6 8. O-O O-O 9. Bxc6 bxc6 10. Nc3 Bg4 11. h3 Bxf3 12. Qxf3 Nf5 13. Qd3 f6 14. exf6 Bxf6 15. Be3 e5 16. Ne2 e4 17. Qd2 Nxe3 18.
fxe3 Bg5 19. Ng3 Qd6 20. Rxf8+ Rxf8 21. Nf1 Qf6 22. Qe2 Bh4 23. Rc1 Bf2+ 24. Kh1 h5 25. b4 h4 26. b5 cxb5 27. Qxb5 Bg3 28.
Qxd5+ Kh7 29. Qc4 Rb8 30. Nxg3 hxg3 31. Qc7+ Kh6 32. Qxb8 Qf2 33. Qb3 Qd2 34. Qc3 Qxa2 35.
Rd1 Qe2 36. Qe1 1-0

[Event "Early-Titled-Tuesday-Blitz-April-02-2024"]
[Site "Chess.com"]
[Date "2024.04.02"]
[Round "2"]
[White "JoshuaGK27"]
[Black "GolfBeforeChess"]
[Result "1-0"]
[WhiteElo "2531"]
[BlackElo "2294"]
[TimeControl "180+1"]
[EndTime "8:17:06 PDT"]
[Termination "JoshuaGK27 won by resignation"]

1. e4 Nf6 2. e5 Nd5 3. d4 d6 4. Nf3 dxe5 5. Nxe5 c6 6. Be2 Bf5 7. O-O e6 8. Nd2 Be7 9. c3 Nd7 10. Nef3 O-O 11. Re1 h6 12. Nf1 Bh7 13. Ng3 c5 14. Bd3 Bxd3 15. Qxd3 cxd4 16. Nxd4 Nc5 17.
Qe2 Bf6 18. Nh5 Bxd4 19. cxd4 Nd7 20. Qg4 g6 21. Bxh6 N7f6 22. Nxf6+ Nxf6 23. Qh4 Nh7 24. Qe4 Re8 25. Rad1 Qd7 26. h4 Rad8 27. h5 f5 28. Qh4 gxh5 29. Re3 Re7 30. Rg3+ Kh8 31. Qxh5 Rg8 32.
Rxg8+ Kxg8 33. Rd3 Qe8 34. Rg3+ Kh8 35. Qh4 Qf7 36. Bf4 1-0

[Event "Early-Titled-Tuesday-Blitz-April-02-2024"]
[Site "Chess.com"]
[Date "2024.04.02"]
[Round "2"]
[White "novocane"]
[Black "dodorox"]
[Result "1-0"]
[WhiteElo "2454"]
[BlackElo "2150"]
[TimeControl "180+1"]
[EndTime "8:17:07 PDT"]
[Termination "novocane won on time"]

1. d4 Nf6 2. c4 e6 3. Nc3 d5 4. cxd5 exd5 5. Bg5 Be7 6. Qc2 c6 7. e3 h6 8. Bf4 Nbd7 9. Bd3 Nh5 10. Nxd5 Qa5+ 11. Nc3 Nxf4 12. exf4 O-O 13. Nf3 Nf6 14. O-O Nd5 15. Nxd5 Qxd5 16. Bc4 Qd6 17. g3 Bh3 18. Rfe1 Bf6 19. Rad1 Rad8 20. Ne5 Qb4 21. a3 Qa5 22. Qb3 Bxe5 23. dxe5 b5 24. Bf1 Be6 25. Qe3 a6 26. b4 Qc7 27. Bg2 Rxd1 28. Rxd1 Rd8 29. Qe2 Bc4 30. Qe1 Rxd1 31. Qxd1 a5 32. h3 axb4 33.
axb4 Kf8 34. Qd4 Qe7 35. Bxc6 Qc7 36. Qc5+ 1-0

[Event "Early-Titled-Tuesday-Blitz-April-02-2024"]
[Site "Chess.com"]
[Date "2024.04.02"]
[Round "2"]
[White "colegiodemadrid"]
[Black "RichardShtivelband"]
[Result "1-0"]
[WhiteElo "2512"]
[BlackElo "2256"]
[TimeControl "180+1"]
[EndTime "8:17:08 PDT"]
[Termination "colegiodemadrid won on time"]

1. e4 e5 2. Nf3 Nc6 3. Bc4 Bc5 4.
d4 Bxd4 5. Nxd4 Nxd4 6. Be3 Ne6 7. Qg4 Nf6 8. Qf3 c6 9. Bxe6 dxe6 10. Nc3 O-O 11. g4 b5 12. g5 Nd7 13. h4 b4 14. Na4 Ba6 15. O-O-O Qc7 16. h5 c5 17.
g6 fxg6 18. Qg4 Rae8 19. hxg6 h6 20. Rh5 Nf6 21. Qh4 Nxh5 22. Qxh5 c4 23. Nc5 Bc8 24. Rh1 c3 25. b3 Rf6 26. Kb1 Ref8 27. a4 Qe7 28.
Ka2 Qe8 29. Rg1 Bd7 30. Qxe5 Bc6 31. f4 Rxg6 32. Rd1 Rg2 33. Kb1 Qg6 34. Qd4 Qg4 35. Rc1 Kh7 36. Qxb4 Qf3 37. Qxc3 Bxe4 38. Nxe6 Re8 39. Nd4 Qg4 40. Nb5 Bg6 41. Bd4 Qe2 42. f5 Bxf5 43. Nd6 1-0

[Event "Early-Titled-Tuesday-Blitz-April-02-2024"]
[Site "Chess.com"]
[Date "2024.04.02"]
[Round "2"]
[White "TheBigBoss04"]
[Black "zverr1"]
[Result "1-0"]
[WhiteElo "2730"]
[BlackElo "2552"]
[TimeControl "180+1"]
[EndTime "8:17:09 PDT"]
[Termination "TheBigBoss04 won on time"]

1. Nf3 g6 2. g3 Bg7 3. Bg2 Nf6 4. O-O O-O 5. c4 c6 6. d4 d5 7. Ne5 Nfd7 8. Nxd7 Qxd7 9. cxd5 cxd5 10. Nc3 e6 11. e4 dxe4 12. Nxe4 Nc6 13. Bg5 Qxd4 14.
Qf3 Ne5 15. Nf6+ Kh8 16. Qe2 Nc6 17. Rad1 Qe5 18. Qxe5 Nxe5 19. Ne4 b6 20. Be7 Ba6 21. Bxf8 Bxf8 22. Rfe1 Nd3 23. Re3 Nxb2 24. Rd7 Nc4 25. Nf6 Rb8 26. Rxf7 Bg7 27. Rxe6 Rd8 28. Bf1 Ne5 29.
Rxe5 Bxf6 30. Rxf6 Rd1 31. Re7 Rxf1+ 32. Kg2 Kg8 33.
Rxa7 Bc4 34. Rd6 1-0

[Event "Early-Titled-Tuesday-Blitz-April-02-2024"]
[Site "Chess.com"]
[Date "2024.04.02"]
[Round "2"]
[White "leschebaza"]
[Black "bipe137"]
[Result "0-1"]
[WhiteElo "2314"]
[BlackElo "2677"]
[TimeControl "180+1"]
[EndTime "8:17:09 PDT"]
[Termination "bipe137 won by checkmate"]

1. Nf3 d5 2. c4 e6 3. b3 Nf6 4.
Bb2 Be7 5. e3 a5 6. a3 O-O 7. d3 b6 8. Nbd2 Bb7 9. Qc2 Nbd7 10. Be2 c6 11. Rc1 Rc8 12. Qb1 Qc7 13. O-O Qb8 14. Qa1 Qa8 15. Ne5 Nxe5 16. Bxe5 c5 17. cxd5 exd5 18. Bf3 Ba6 19. Qc3 Qc6 20. Rfd1 Qe6 21.
Nf1 Rfe8 22. Bf4 d4 23. exd4 Nd5 24. Bxd5 Qxd5 25. Ne3 Qh5 26. d5 Bf6 27. Qc2 Bb7 28. Re1 Bd4 29. d6 Rcd8 30. Bg3 Bc6 31. b4 axb4 32.
axb4 Re6 33. bxc5 bxc5 34. Nc4 Rde8 35. Rxe6 Rxe6 36. Qd1 Qg5 37. Rb1 h5 38. h4 Qd5 39.
Qf3 Qxf3 40. gxf3 Re8 41. f4 f6 42. f5 g5 43. fxg6 Kg7 44. Rb6 Re1+ 45. Kh2 Rh1# 0-1

[Event "Early-Titled-Tuesday-Blitz-April-02-2024"]
[Site "Chess.com"]
[Date "2024.04.02"]
[Round "2"]
[White "Smiechu"]
[Black "lamomiajunior"]
[Result "1-0"]
[WhiteElo "2446"]
[BlackElo "2700"]
[TimeControl "180+1"]
[EndTime "8:17:09 PDT"]
[Termination "Smiechu won on time"]

1. e4 c5 2. Nf3 d6 3. d4 cxd4 4. Nxd4 Nf6 5. Nc3 a6 6. Be3 e6 7. Bd3 h5 8. h3 Be7 9. Qe2 Nc6 10. O-O-O Bd7 11. Kb1 Qc7 12. f4 b5 13. e5 dxe5 14. fxe5 Qxe5 15. Nf3 Qc7 16. Ne4 Nd5 17. Bc5 Nf4 18. Qd2 Nxd3 19. Qxd3 O-O-O 20. Bxe7 Nxe7 21. Nd6+ Kb8 22. Nxf7 Nd5 23. Nxh8 Rxh8 24. Rhe1 Rc8 25.
c3 Be8 26. Ne5 g5 27. Ka1 Qa5 28. Qd4 h4 29. Nd3 Rc4 30. Qe5+ Nc7 31. Nb4 Qb6 32. Rd8+ Ka7 33. Rd6 Qb7 34. Qe3+ Kb8 35. Rd8+ 1-0

[Event "Early-Titled-Tuesday-Blitz-April-02-2024"]
[Site "Chess.com"]
[Date "2024.04.02"]
[Round "2"]
[White "ilya2700"]
[Black "m_ezat"]
[Result "0-1"]
[WhiteElo "2321"]
[BlackElo "2546"]
[TimeControl "180+1"]
[EndTime "8:17:09 PDT"]
[Termination "m_ezat won on time"]

1. e4 e5 2. Nf3 Nc6 3. Bc4 Nf6 4.
d3 h6 5. Nc3 Bb4 6. Bd2 d6 7.
h3 O-O 8. g4 Na5 9. g5 Nxc4 10.
gxf6 Nxd2 11. Nxd2 Bxc3 12. bxc3 Qxf6 13. Qh5 Qg6 14.
Qf3 f5 15. exf5 Rxf5 16. Qe4 c6 17. O-O-O d5 18. Qb4 Qf7 19. f3 Be6 20. Rhg1 a5 21. Qb6 Ra6 22. Qd8+ Qf8 23. Qc7 Rf7 24. Qxe5 Qa3+ 25.
Kb1 c5 26. Nb3 a4 27. Rg6 axb3 28. cxb3 Qxa2+ 29. Kc1 Qa1+ 30. Kd2 Qb2+ 31. Ke3 d4+ 32. cxd4 cxd4+ 33. Ke4 Bf5+ 34. Kf4 Bxg6+ 0-1

[Event "Early-Titled-Tuesday-Blitz-April-02-2024"]
[Site "Chess.com"]
[Date "2024.04.02"]
[Round "2"]
[White "Maxfan2008"]
[Black "Donskov_AN"]
[Result "0-1"]
[WhiteElo "2577"]
[BlackElo "2369"]
[TimeControl "180+1"]
[EndTime "8:17:10 PDT"]
[Termination "Donskov_AN won by resignation"]

1. d4 Nf6 2. c4 e6 3. Nc3 Bb4 4. Nf3 c5 5. g3 cxd4 6. Nxd4 Qc7 7. Qd3 Nc6 8. Nb5 Qa5 9. Bd2 O-O 10. Bg2 d5 11.
cxd5 exd5 12. a3 d4 13. O-O dxc3 14. axb4 Qxb4 15. Bxc3 Qe7 16. Qd6 Qxd6 17. Nxd6 Rd8 18. Nxc8 Rdxc8 19. Bxf6 gxf6 20. b4 a6 21. Rfb1 Rab8 22.
b5 axb5 23. Rxb5 Nd4 24. Rb2 b5 25. e3 Ne6 26. Rab1 Rc5 27. Bf1 Nc7 28. Bd3 h6 29. Kf1 Kf8 30. Ke2 Ke7 31. Rb4 Nd5 32. Re4+ Kf8 33. Kd2 Nc3 34. Rbb4 Nxe4+ 35. Rxe4 b4 36. Rh4 b3 37. Rxh6 Ke7 38. Rh4 b2 39. Bb1 Rc1 40. Re4+ Kf8 0-1

[Event "Early-Titled-Tuesday-Blitz-April-02-2024"]
[Site "Chess.com"]
[Date "2024.04.02"]
[Round "2"]
[White "esteban062000"]
[Black "Midgardsormur"]
[Result "0-1"]
[WhiteElo "2143"]
[BlackElo "2447"]
[TimeControl "180+1"]
[EndTime "8:17:10 PDT"]
[Termination "Midgardsormur won by resignation"]

1. e4 c5 2. Nf3 d6 3. d4 cxd4 4. Nxd4 Nf6 5. Nc3 Nc6 6. Bb5 Bd7 7. O-O e6 8. Bg5 Be7 9. Re1 Qb6 10. Nxc6 bxc6 11. Bd3 e5 12. Be3 Qxb2 13. Qd2 Qb7 14. Reb1 Qc7 15. f3 O-O 16. Rb2 Rab8 17. Rab1 Rxb2 18.
Rxb2 Rb8 19. Qc1 d5 20. exd5 cxd5 21. Bf2 Rb4 22. Rxb4 Bxb4 23. Nb5 Bxb5 24. Bxb5 Bc5 25. c4 a6 26. Ba4 dxc4 27. Qe1 g6 28. Kf1 Bxf2 29.
Kxf2 Kg7 30. Qb4 Nd5 31. Qd2 Qc5+ 32. Kg3 c3 33. Qe2 Ne3 34. Bc2 a5 35. h3 Qd4 36.
Qd3 Qxd3 37. Bxd3 c2 38. Bxc2 Nxc2 39. Kf2 Nb4 40. a3 Nc2 41. a4 Nb4 42. Ke3 Nd5+ 43. Kd3 Nb6 44. Ke4 f6 45. f4 exf4 46. Kxf4 Nxa4 47.
Ke3 Nb6 48. Kd3 f5 49. Kc3 Kf6 50. g3 Ke5 51. Kb3 Kd4 0-1